 Dungeon Crawl Stone Soup version 0.30-a0-341-g682706514a (webtiles) character file.

Game seed: 15718155876663615637

34 Shayle the Poker (level 3, -6/33 HPs)
             Began as a Naga Reaver on Nov 1, 2022.
             Mangled by Terence
             ... wielding a +0 hand axe
              (8 damage)
             ... on level 2 of the Dungeon.
             The game lasted 00:02:41 (1360 turns).

Shayle the Poker (Naga Reaver)                      Turns: 1360, Time: 00:02:42

Health: -6/33      AC:  2    Str: 11 (14) XL:     3   Next: 31%
Magic:  6/6        EV:  9    Int: 11 (13) God:
Gold:   128        SH:  0    Dex:  9 (11) Spells: 5/6 levels left

rFire   . . .      SeeInvis +    d - +0 whip (elec)
rCold   . . .      Faith    .    (no shield)
rNeg    . . .      Spirit   .    b - +0 leather armour
rPois   +          Reflect  .    (no helmet)
rElec   .          Harm     .    (no cloak)
rCorr   .          Rampage  .    (no gloves)
Will    .....                    (no barding)
Stlth   +.........               (no amulet)
HPRegen 0.25/turn                (no ring)
MPRegen 0.10/turn                (no ring)

@: brilliant, very slow
A: AC +1, large, see invisible, deformed body, poison resistance, slowness 2,
spit poison 1, naga tail 1
a: Spit Poison


You were on level 2 of the Dungeon.
You visited 1 branch of the dungeon, and saw 2 of its levels.

You collected 128 gold pieces.

Inventory:

Hand Weapons
 a - a +0 spear
 d - a +0 whip of electrocution (weapon)
Armour
 b - a +0 leather armour (worn)
Jewellery
 n - an amulet of guardian spirit
Scrolls
 c - 4 scrolls of identify {unknown}
 e - 2 scrolls of amnesia {unknown}
 g - a scroll of vulnerability {unknown}
 i - a scroll of silence {unknown}
 k - a scroll of teleportation {unknown}
Potions
 f - a potion of invisibility {unknown}
 m - a potion of lignification {unknown}


   Skills:
 + Level 2.4 Fighting
 + Level 3.3 Polearms
 + Level 2.0 Dodging
 + Level 2.0 Stealth
 - Level 2.0 Spellcasting
 - Level 3.0 Conjurations


You had 5 spell levels left.
You knew the following spells:

 Your Spells              Type           Power      Damage    Failure   Level
a - Kiss of Death         Conj/Necr      24%        2d7       21%         1

Your spell library contained the following spells:

 Spells                   Type           Power      Damage    Failure   Level
 Momentum Strike          Conj/Tloc      12%        3d8       30%         2
 Hailstorm                Conj/Ice       6%         3d4       52%         3


Dungeon Overview and Level Annotations

Branches:
Dungeon (2/15)

Altars:

Annotations:
D:2 Terence


Innate Abilities, Weirdness & Mutations

Your serpentine skin is tough. (AC +1)
You have supernaturally acute eyesight. (SInv)
Armour fits poorly on your strangely shaped body.
Your system is resistant to poisons. (rPois)
You cover ground very slowly.
You can spit poison.
You have a snake-like lower body.


Message History

You see here a worm corpse.
HP restored.
Found 4 stones.
As you open the door, it creaks loudly!
There is an open door here.
Found 5 stones.
e - 2 scrolls labelled BIXEUN GEDYIH (gained 1)
You now have 128 gold pieces (gained 13).
Found a stone staircase leading down.
Terence the Incautious comes into view.
He is wielding a +0 hand axe.
Terence shouts!
Aiming: Spit Poison (2% risk of failure)
Press: ? - help, Shift-Dir - straight line, f - Terence
Aim: Terence, wielding a +0 hand axe and wearing a +0 ring mail (65% to hit)
The splash of poison hits Terence but does no damage.
You hit Terence.
Terence is lightly wounded.
Terence hits you with a +0 hand axe!
You hit Terence.
Terence is moderately wounded.
Terence hits you with a +0 hand axe.
You hit Terence.
Terence is heavily wounded.
You have got your breath back.
Terence hits you with a +0 hand axe.
You hit Terence but do no damage. You punch Terence.
Terence is heavily wounded.
Terence hits you with a +0 hand axe.
It was a potion of brilliance.
You feel clever all of a sudden. Terence hits you with a +0 hand axe!
* * * LOW HITPOINT WARNING * * *
It was a potion of degeneration.
There was something very wrong with that liquid.
You feel weakened.
You feel dopey.
You feel clumsy. Terence hits you with a +0 hand axe.
* * * LOW HITPOINT WARNING * * *
It was a potion of magic.
Magic courses through your body. Terence hits you with a +0 hand axe!
You die...

#### ## ... ..
.># #
####.##.##.#
........@..#
#.##. #@#
#..#.##.########
................
#.##.#..########
....#...#######.
###.............
# ###...########
#. #...#
#.#######...#


You could see Terence.

Vanquished Creatures
  A worm (D:2)
  A dart slug (D:1)
  4 bats (D:1)
  An endoplasm (D:1)
  A giant cockroach (D:1)
  A goblin (D:1)
  4 hobgoblins
  4 jackals (D:1)
  A quokka (D:2)
  A ball python (D:1)
  2 frilled lizards (D:1)
  2 kobolds (D:1)
  3 rats
26 creatures vanquished.

Notes
Turn   | Place    | Note
-------+----------+-------------------------------------------
     0 | D:1      | Shayle the Naga Reaver began the quest for the Orb.
     0 | D:1      | Reached XP level 1. HP: 19/19 MP: 3/3
   257 | D:1      | Reached skill level 1 in Stealth
   257 | D:1      | Reached XP level 2. HP: 26/26 MP: 5/5
   647 | D:1      | Reached XP level 3. HP: 30/33 MP: 6/6
  1352 | D:2      | Noticed Terence
  1360 | D:2      | Mangled by Terence

Illustrated notes

Levels and vault maps discovered:
D:1:      minmay_arrival_hallway, layout_loops_ring
D:2:      layout_basic, hellmonk_ecumenical_altar_inner_sanctum, uniq_terence

Skill      XL: |  1  2  3 |
---------------+----------+-----
Stealth        | 1 2 |  2.0
Dodging        | 2 |  2.0
Fighting       | |  2.4
Polearms       | |  3.3
Spellcasting   | |  2.0
Conjurations   | |  3.0

Action                   || total
-------------------------++-------
Melee: Spear             ||    23
       Whip              ||    52
       Punch             ||     2
 Abil: Spit Poison       ||    20
  Use: Potion            ||     3
 Stab: Sleeping          ||     1
Armor: Leather armour    ||    24
Dodge: Dodged            ||    36

Table legend: (Time is in decaauts)
 A = Elapsed time spent in this place.
 B = Non-inter-level travel time spent in this place.
 C = Inter-level travel time spent in this place.
 D = Time resting spent in this place.
 E = Time spent auto-exploring this place.
 F = Levels seen in this place.
 G = Mean time per level.
                   A        B        C        D        E       F      G
               +--------+--------+--------+--------+--------+-----+--------+
         Total |   1795 |   1655 |    140 |     32 |   1260 |   2 |  897.5 |
       Dungeon |   1795 |   1655 |    140 |     32 |   1260 |   2 |  897.5 |
               +--------+--------+--------+--------+--------+-----+--------+

Top non-repeatable levels by time:
     D:1: 1354 daAuts
     D:2: 440 daAuts
